 Dungeon Crawl Stone Soup version 0.27-a0-1301-g128193abf8 (webtiles) character file.

Game seed: 1236655682193214981

27289 DrKleor the Fencer (level 13, -8/107 HPs)
             Began as a Formicid Fighter on June 17, 2021.
             Was a High Priest of the Shining One.
             Mangled by an orc priest (18 damage)
             ... on level 2 of the Orcish Mines.
             The game lasted 00:46:48 (18470 turns).

DrKleor the Fencer (Formicid Fighter)              Turns: 18470, Time: 00:46:49

Health: -8/107     AC: 17    Str: 26    XL:     13   Next: 64%
Magic:  0/21       EV:  6    Int:  8    God:    the Shining One [*****.]
Gold:   1727       SH: 11    Dex: 16    Spells: 12/12 levels left

rFire    . . .     SeeInvis +   v - +5 great sword
rCold    . . .     Faith    .   c - +0 kite shield
rNeg     + + .     Spirit   +   u - +0 plate armour
rPois    .         Reflect  .   (helmet unavailable)
rElec    .         Harm     .   r - +2 cloak
rCorr    .         Rampage  .   (no gloves)
Will     +....                  z - +2 pair of boots
Stlth    ..........             e - amulet of guardian spirit
HPRegen  0.27/turn              D - +6 ring of dexterity
MPRegen  0.17/turn              (no ring)

@: glowing
A: permanent stasis, dig shafts and tunnels, antennae 3, four strong arms
a: Dig, Shaft Self, Renounce Religion, Divine Shield, Cleansing Flame, Summon
Divine Warrior


You were on level 2 of the Orcish Mines.
You worshipped the Shining One.
The Shining One was extremely pleased with you.
You visited 3 branches of the dungeon, and saw 15 of its levels.
You also visited: Sewer and Ossuary.

You collected 2004 gold pieces.
You spent 277 gold pieces at shops.

Inventory:

Hand Weapons
 a - a +0 long sword
 t - a +2 vorpal falchion
 v - a +5 great sword (weapon)
Missiles
 n - a throwing net
 s - 11 boomerangs of dispersal
Armour
 b - a +0 scale mail
 c - a +0 kite shield (worn)
 j - a scarf of invisibility
 r - a +2 cloak (worn)
 u - a +0 plate armour (worn)
 z - a +2 pair of boots (worn)
Jewellery
 e - an amulet of guardian spirit (around neck)
 D - a +6 ring of dexterity (left hand)
Wands
 g - a wand of iceblast (33)
 y - a wand of digging (4)
 E - a wand of acid (3)
Scrolls
 f - 3 scrolls of enchant weapon
 k - 3 scrolls of fear
 l - a scroll of enchant armour
 m - 3 scrolls of teleportation {unknown}
 o - 3 scrolls of magic mapping
 w - a scroll of summoning
 A - 4 scrolls of immolation
 B - 2 scrolls of fog
 F - a scroll of holy word {unknown}
 G - 2 scrolls of acquirement {unknown}
 H - a scroll of amnesia {unknown}
 J - a scroll of identify
 L - a scroll of torment {unknown}
Potions
 d - a potion of might
 h - 2 potions of lignification
 i - 12 potions of curing
 p - 4 potions of attraction
 q - a potion of invisibility
 x - a potion of brilliance
 C - 2 potions of mutation
 I - 2 potions of magic {unknown}
 M - a potion of ambrosia {unknown}


   Skills:
 - Level 11.9 Fighting
 * Level 15.5 Long Blades
 - Level 3.2 Armour
 + Level 6.3 Shields
 + Level 11.7 Invocations


You had 12 spell levels left.
You didn't know any spells.
Your spell library contained the following spells:

 Spells                   Type           Power      Damage    Failure   Level
 Beastly Appendage        Tmut           0%         N/A       100%        1
 Magic Dart               Conj           0%         1d3       100%        1
 Shock                    Conj/Air       0%         1d3       100%        1
 Call Imp                 Summ           0%         N/A       100%        2
 Slow                     Hex            0%         N/A       100%        2
 Static Discharge         Conj/Air       0%         N/A       100%        2
 Wereblood                Tmut           0%         N/A       100%        2
 Conjure Flame            Conj/Fire      0%         6-21      100%        3
 Mephitic Cloud           Conj/Pois/Air  0%         N/A       100%        3
 Spider Form              Tmut/Pois      0%         N/A       100%        3
 Airstrike                Air            0%         N/A       100%        4
 Ice Form                 Ice/Tmut       0%         N/A       100%        4
 Lightning Bolt           Conj/Air       0%         1d11      100%        5
 Blink                    Tloc           Unusable   N/A       N/A         2
 Swiftness                Air            Unusable   N/A       N/A         3

Dungeon Overview and Level Annotations

Branches:
Dungeon (12/15)            Temple (1/1) D:7            Lair (0/6) D:8
    Orc (2/2) D:10            Elf (0/3) Orc:2         Sewer (visited)
Ossuary (visited)

Altars:
Ashenzari
Cheibriados
Dithmenos
Elyvilon
Fedhas
Gozag
Hepliaklqana
Kikubaaqudgha
Makhleb
Nemelex Xobeh
Okawaru
Qazlal
Ru
Sif Muna
Trog
Uskayaw
Vehumet
Wu Jian
Xom
Yredelemnul
Zin
The Shining One
Beogh

Shops:
D:2 [   D:6 *   Orc:1 [   Orc:2 **!


Innate Abilities, Weirdness & Mutations

You cannot be hasted, slowed, berserked, paralysed or teleported.
You can dig through walls and to a lower floor.
You have a pair of large antennae on your head. (SInv)
Your four strong arms can wield two-handed weapons with a shield.


Message History

The orc knight is severely wounded.
The orc knight hits you but does no damage.
Your shield and plate armour prevent you from hitting the orc knight.
The orc knight is severely wounded.
The orc knight hits you with a +0 long sword!
* * * LOW HITPOINT WARNING * * *
You hit the orc knight.
The orc knight is severely wounded.
The orc knight barely misses you.
You hit the orc knight but do no damage.
The orc knight is severely wounded.
The orc knight hits you but does no damage.
You hit the orc knight but do no damage.
The orc knight is severely wounded.
You block the orc knight's attack.
You slice the orc knight!!
You kill the orc knight!
You slash the orc warrior!
The orc warrior is heavily wounded.
The orc warrior hits you with a +0 mace.
* * * LOW HITPOINT WARNING * * *
You block the orc warrior's attack.
You slash the orc warrior!
The orc warrior is severely wounded.
The orc warrior hits you with a +0 mace!!
* * * LOW HITPOINT WARNING * * *
You feel much better.
The orc warrior hits you with a +0 mace!
* * * LOW HITPOINT WARNING * * *
You slash the orc warrior!
You kill the orc warrior!
You slash the orc priest!
The orc priest is heavily wounded.
The orc priest miscasts a cantrip.
You completely miss the orc priest.
The orc priest is heavily wounded.
The orc priest hits you with a +1 dagger of electrocution!
* * * LOW HITPOINT WARNING * * *
You are electrocuted!!
You die...

....####.........##.^....##......
......#...........#...#...#......
.........[...........###.....#.#.
.#......[[.##........# #........#
#........##..........# #.......##
....................## ##.....##
#...........###....## ##.####
...........####.).## ### #.#
#....###......##@## #...
.....##........##o# #...#
.....#.........#)## #...#
......#......##.#.## #...#
...........#####[..# ##..o#
#...........# ##.#### ##.#.#
#..........## #...#.###..)##
...#......#######..{..###)#.## {
#...........##.#....{o.###...##{{


You could see an orc priest (strong).

Vanquished Creatures
  6 two-headed ogres
  3 orc high priests
  2 sixfirhies (Orc:2)
  7 orc knights
  4 orc sorcerers
  3 cyclopes
  4 manticores
  A smoke demon (Orc:2)
  A gargoyle (D:8)
  A komodo dragon (D:8)
  An unseen horror (D:12)
  A hellwing (Orc:2)
  5 trolls
  A hornet (D:10)
  Grinder (D:4)
  A shadow (D:10)
  2 wraiths
  4 wyverns (D:8)
  Eustachio (D:4)
  2 chaos spawn (Orc:2)
  4 vampire mosquitoes (D:11)
  Edmund (D:4)
  2 wargs (Orc:1)
  An acid dragon (D:11)
  3 water moccasins
  Duvessa (D:6)
  A swamp drake (D:8)
  40 orc warriors
  Purgy (Sewer)
  An ice beast (D:8)
  2 necrophages
  2 sky beasts (D:6)
  2 ogres (Orc:1)
  4 centaurs
  A phantom (D:6)
  A bullfrog (D:9)
  2 kobold brigands
  2 gnoll sergeants (D:10)
  2 scorpions
  Dowan (D:6)
  A water moccasin zombie (D:6)
  4 killer bees (D:8)
  8 wights
  2 howler monkeys (D:8)
  A bullfrog zombie (D:6)
  3 centaur zombies
  2 hounds
  A bullfrog skeleton (D:7)
  A human zombie (Ossuary)
  26 orc priests
  A scorpion zombie (D:5)
  10 orc wizards
  A killer bee zombie (D:6)
  6 mummies
  A howler monkey skeleton (D:4)
  A howler monkey zombie (D:11)
  17 gnolls
  4 adders
  A worm (D:4)
  3 dart slugs
  106 orcs
  9 endoplasms
  4 giant cockroaches
  7 goblins
  8 hobgoblins
  9 jackals
  13 kobolds
  7 quokkas
  6 ball pythons
  7 bats
  4 frilled lizards
  2 gnoll zombies (Ossuary)
  2 goblin zombies (Ossuary)
  A kobold zombie (Ossuary)
  An orc zombie (Ossuary)
  5 rats
410 creatures vanquished.

Notes
Turn   | Place    | Note
-------+----------+-------------------------------------------
     0 | D:1      | DrKleor the Formicid Fighter began the quest for the Orb.
     0 | D:1      | Reached XP level 1. HP: 18/18 MP: 1/1
   317 | D:1      | Reached XP level 2. HP: 23/24 MP: 2/2
  1156 | D:2      | Reached XP level 3. HP: 29/30 MP: 3/3
  1217 | D:2      | Reached skill level 3 in Long Blades
  1751 | D:2      | Found Sugha's Armour Emporium.
  1796 | D:2      | Reached XP level 4. HP: 37/37 MP: 4/4
  2219 | D:3      | Found a stormy altar of Qazlal.
  2221 | D:3      | Noticed an air elemental
  2226 | D:3      | Noticed an earth elemental
  2230 | D:3      | Noticed a fire elemental
  2394 | D:3      | Found a glowing drain.
  2400 | Sewer    | Entered a sewer
  2590 | Sewer    | Noticed a kobold brigand
  2598 | Sewer    | Killed a kobold brigand
  2599 | Sewer    | Reached skill level 4 in Long Blades
  2599 | Sewer    | Reached XP level 5. HP: 33/43 MP: 3/5
  2704 | Sewer    | Noticed Purgy
  2718 | Sewer    | Killed Purgy
  2719 | Sewer    | Reached skill level 5 in Long Blades
  2719 | Sewer    | Reached XP level 6. HP: 45/50 MP: 6/6
  2901 | D:3      | Noticed a water elemental
  3345 | D:4      | Reached skill level 5 in Fighting
  3402 | D:4      | Noticed Eustachio
  3448 | D:4      | Killed Eustachio
  3449 | D:4      | Reached XP level 7. HP: 55/56 MP: 7/7
  3500 | D:4      | Reached skill level 6 in Long Blades
  3787 | D:4      | Noticed Grinder
  3807 | D:4      | Killed Grinder
  3808 | D:4      | Reached skill level 7 in Long Blades
  3808 | D:4      | Reached XP level 8. HP: 60/64 MP: 6/8
  3846 | D:4      | Noticed Edmund
  3853 | D:4      | Killed Edmund
  4078 | D:5      | Entered Level 5 of the Dungeon
  4219 | D:5      | Noticed a two-headed ogre
  4718 | D:5      | Reached skill level 8 in Long Blades
  4727 | D:5      | You fall into a shaft and drop 2 floors!
  4752 | D:7      | Found a staircase to the Ecumenical Temple.
  4816 | Temple   | Entered the Ecumenical Temple
  4878 | Temple   | Became a worshipper of the Shining One
  5043 | D:7      | Reached skill level 1 in Invocations
  5141 | D:7      | Reached XP level 9. HP: 72/72 MP: 8/10
  5202 | D:6      | Reached skill level 9 in Long Blades
  5275 | D:6      | Found a broken altar of Ashenzari.
  5284 | D:6      | Found a sacrificial altar of Ru.
  5452 | D:6      | Noticed Duvessa
  5452 | D:6      | Noticed Dowan
  5473 | D:6      | Killed Duvessa
  5475 | D:6      | Killed Dowan
  5488 | D:6      | Found a sand-covered staircase.
  5507 | Ossuary  | Entered an ossuary
  5560 | Ossuary  | Reached * piety under the Shining One
  5704 | Ossuary  | Reached ** piety under the Shining One
  6130 | D:6      | Found Qairgh's General Store.
  6373 | D:7      | Reached skill level 10 in Long Blades
  7078 | D:8      | Noticed a gargoyle
  7094 | D:8      | Killed a gargoyle
  7095 | D:8      | Reached XP level 10. HP: 68/82 MP: 10/13
  7190 | D:8      | Reached skill level 5 in Invocations
  7604 | D:8      | Reached skill level 11 in Long Blades
  7885 | D:8      | Found a staircase to the Lair.
  7886 | D:8      | Noticed a komodo dragon
  7906 | D:8      | Killed a komodo dragon
  8931 | D:9      | Noticed a two-headed ogre
  8948 | D:9      | Killed a two-headed ogre
  8949 | D:9      | Reached XP level 11. HP: 25/90 MP: 5/16
  9215 | D:9      | Found a glowing silver altar of Zin.
  9220 | D:9      | Noticed a two-headed ogre
  9230 | D:9      | Killed a two-headed ogre
  9231 | D:9      | Reached skill level 12 in Long Blades
  9442 | D:9      | Noticed a two-headed ogre
  9453 | D:9      | Killed a two-headed ogre
  9454 | D:9      | Reached skill level 10 in Fighting
  9992 | D:9      | Found a bloodstained altar of Trog.
  9993 | D:9      | Found a snail-covered altar of Cheibriados.
 10192 | D:10     | Entered Level 10 of the Dungeon
 10433 | D:10     | Noticed a two-headed ogre
 10443 | D:10     | Killed a two-headed ogre
 10982 | D:10     | Reached *** piety under the Shining One
 11114 | D:10     | Found a staircase to the Orcish Mines.
 11145 | Orc:1    | Entered Level 1 of the Orcish Mines
 11241 | Orc:1    | Found Leawil's Armour Boutique.
 11316 | Orc:1    | Reached skill level 13 in Long Blades
 11339 | Orc:1    | Noticed an orc knight
 11368 | Orc:1    | Killed an orc knight
 11813 | Orc:1    | Noticed an orc sorcerer
 11829 | Orc:1    | Killed an orc sorcerer
 11831 | Orc:1    | Reached XP level 12. HP: 47/99 MP: 9/18
 11987 | Orc:1    | Noticed an orc high priest
 11989 | Orc:1    | Killed an orc high priest
 12376 | Orc:2    | Entered Level 2 of the Orcish Mines
 12482 | Orc:2    | Found Giphoumo's Assorted Antiques.
 12486 | Orc:2    | Found a staircase to the Elven Halls.
 12491 | Orc:2    | Bought a pair of glowing boots for 277 gold pieces
 13315 | Orc:1    | Reached **** piety under the Shining One
 13980 | D:11     | Reached skill level 14 in Long Blades
 13980 | D:11     | Reached skill level 10 in Invocations
 14357 | D:11     | Noticed a two-headed ogre
 14368 | D:11     | Killed a two-headed ogre
 15606 | D:12     | Reached XP level 13. HP: 52/107 MP: 11/21
 16284 | D:12     | Noticed a seven-headed hydra
 17182 | Orc:2    | Found Rerchi's General Store.
 17183 | Orc:2    | Found Piypom's Distillery.
 17193 | Orc:2    | Reached ***** piety under the Shining One
 17323 | Orc:2    | Reached skill level 15 in Long Blades
 17366 | Orc:2    | Reached skill level 5 in Shields
 18466 | Orc:2    | HP: 4/107 [orc warrior (20)]
 18470 | Orc:2    | Mangled by an orc priest

Illustrated notes

Levels and vault maps discovered:
D:1:      minmay_arrival_floating_metal, layout_loops_cross
D:2:      kb_forest_paths, layout_basic, serial_rivers,
          chequers_serial_rivers_micro_b, chequers_serial_rivers_micro_c,
          chequers_serial_rivers_micro_e, chequers_serial_rivers_micro_e,
          serial_shops, shop_coins
D:3:      layout_loops_ring, nicolae_qazlal_style_of_elements,
          gup_sewer_entry_spiral
D:4:      layout_rooms, uniq_edmund, uniq_eustachio, uniq_grinder
D:5:      layout_basic
D:6:      layout_basic, nicolae_ru_awakened_eye, lemuel_crystal_altar,
          gup_ossuary_entry_pyramid, serial_shops, kennysheep_mini,
          minmay_misc_feat_nine_boxes, uniq_duvessa
D:7:      layout_basic, minmay_temple_entry_glass, minmay_liquid_box,
          minivault_4
D:8:      layout_basic, erik_lair_dragon, hangedman_abyss_or_decor_lesser_grid,
          lightli_minifort
D:9:      layout_roguey, lemuel_doored_altar, gammafunk_temple_overflow_statue
D:10:     layout_roguey, hiddenorc1_lemuel
D:11:     layout_stronghold
D:12:     layout_roguey [special_room_orc]
Temple:   compressed_dpeg_circular_temple
Orc:1:    cheibrodos_orc_bank, layout_caves, serial_shops, shop,
          minmay_orc_barracks
Orc:2:    pf_orc_diabolical, layout_diamond_mine, serial_shops,
          nicolae_shop_statue_plus, mines2_david

Skill      XL: |  1  2  3  4  5  6  7  8  9 10 11 12 13 |
---------------+----------------------------------------+-----
Long Blades    | 3 4 5 7 8 10 11 13 14 15 | 15.5
Fighting       | 4 5 6 7 8 9 10 11 | 11.9
Invocations    | 1 4 7 9 10 11 | 11.7
Shields        | 6 |  6.3
Armour         | |  3.2

Action                   |  1- 3 |  4- 6 |  7- 9 | 10-12 | 13-15 || total
-------------------------+-------+-------+-------+-------+-------++-------
Melee: Long sword        |   115 |   117 |       |       |       ||   232
       Falchion          |       |       |   334 |   209 |       ||   543
       Great sword       |       |       |       |   366 |   173 ||   539
Invok: Divine Shield     |       |       |       |     5 |       ||     5
 Abil: Dig               |     2 |     9 |     1 |    12 |     1 ||    25
  Use: Potion            |     1 |       |       |     4 |     1 ||     6
       Scroll            |       |       |    11 |     5 |       ||    16
Armor: Scale mail        |    49 |    63 |   119 |   140 |       ||   371
       Skin              |       |       |       |     1 |       ||     1
       Plate armour      |       |       |       |    49 |    79 ||   128
Dodge: Dodged            |    34 |    60 |    88 |   118 |    38 ||   338
Block: Kite shield       |    62 |    77 |   132 |   259 |    96 ||   626
       Rpst.: Long sword |    12 |    18 |       |       |       ||    30
       Falchion          |       |       |    28 |    14 |       ||    42
       Great sword       |       |       |       |    18 |     9 ||    27

Table legend: (Time is in decaauts)
 A = Elapsed time spent in this place.
 B = Non-inter-level travel time spent in this place.
 C = Inter-level travel time spent in this place.
 D = Time resting spent in this place.
 E = Time spent auto-exploring this place.
 F = Levels seen in this place.
 G = Mean time per level.
                   A        B        C        D        E       F      G
               +--------+--------+--------+--------+--------+-----+--------+
         Total |  18739 |  18241 |    498 |   6592 |   7082 |  17 | 1102.3 |
       Dungeon |  13543 |  13138 |    405 |   4054 |   6446 |  12 | 1128.6 |
        Temple |     77 |     62 |     15 |      0 |     50 |   1 |   77.0 |
  Orcish Mines |   4441 |   4363 |     78 |   2363 |    416 |   2 | 2220.5 |
         Sewer |    400 |    400 |      0 |    168 |    120 |   1 |  400.0 |
       Ossuary |    276 |    276 |      0 |      6 |     50 |   1 |  276.0 |
               +--------+--------+--------+--------+--------+-----+--------+

Top non-repeatable levels by time:
   Orc:1: 2236 daAuts
   Orc:2: 2205 daAuts
     D:9: 1820 daAuts
     D:8: 1641 daAuts
    D:11: 1470 daAuts
    D:12: 1464 daAuts
     D:3: 1283 daAuts
     D:1: 1150 daAuts
    D:10: 997 daAuts
     D:2: 957 daAuts
     D:7: 931 daAuts
     D:4: 845 daAuts
     D:6: 714 daAuts
   Sewer: 400 daAuts
 Ossuary: 276 daAuts
